 Dungeon Crawl Stone Soup version 0.31-a0-971-g75a2e9a4b4 (webtiles) character file.

Game seed: 12515088975619045412

462 Azuregosa the Covert (level 7, -10/46 HPs)
             Began as an Octopode Delver on Oct 28, 2023.
             Mangled by a gnoll
             ... wielding a +0 halberd
              (15 damage)
             ... on level 5 of the Dungeon.
             The game lasted 00:09:29 (3477 turns).

Azuregosa the Covert (Octopode Delver)              Turns: 3477, Time: 00:09:30

Health: -10/46     AC:  1    Str: 11    XL:     7   Next: 7%
Magic:  7/7        EV: 13    Int: 14    God:
Gold:   189        SH:  0    Dex: 14    Spells: 6/6 levels left

rFire   . . .        u - +0 battleaxe
rCold   . . .        (shield currently unavailable)
rNeg    . . .        (helmet restricted)
rPois   .            (no amulet)
rElec   .            (no ring)
rCorr   .            (no ring)
SInv    .            (no ring)
Will    .....        (no ring)
Stlth   ++++++       (no ring)
HPRegen 0.27/turn    (no ring)
MPRegen 0.10/turn    (no ring)
                     (no ring)

%: no passive effects
@: no status effects
A: almost no armour, amphibious, 8 rings, camouflage 1, gelatinous body 1,
(nimble swimmer 1), tentacles
a: no special abilities


You were on level 5 of the Dungeon.
You visited 1 branch of the dungeon, and saw 6 of its levels.

You collected 189 gold pieces.

Inventory:

Hand Weapons
 a - a +0 mace
 g - a +0 spear
 u - a +0 battleaxe (weapon)
 y - a +1 dagger of draining
Missiles
 c - 4 poisoned darts
 k - 35 stones
 l - 5 darts of dispersal
Wands
 f - a wand of digging (3)
 w - a wand of charming (7)
 A - a wand of mindburst (13)
Scrolls
 b - a scroll of fog
 d - 2 scrolls of fear
 h - a scroll of enchant armour {unknown}
 j - a scroll of brand weapon {unknown}
 n - 2 scrolls of teleportation {unknown}
 p - a scroll of immolation {unknown}
 q - a scroll of enchant weapon {unknown}
 r - 3 scrolls of identify {unknown}
 t - 2 scrolls of blinking {unknown}
 z - a scroll of noise {unknown}
Potions
 e - 3 potions of haste
 i - a potion of curing {unknown}
 m - 2 potions of attraction {unknown}
 o - a potion of resistance {unknown}
 s - a potion of mutation {unknown}
 v - a potion of cancellation {unknown}
 x - a potion of enlightenment {unknown}
 B - 2 potions of lignification {unknown}


   Skills:
 - Level 3.0 Fighting
 - Level 2.0 Maces & Flails
 - Level 2.0 Dodging
 + Level 12.0 Stealth


You had 6 spell levels left.
You didn't know any spells.
Your spell library contained the following spells:

 Spells                   Type           Power      Damage    Failure   Level
 Ensorcelled Hibernation  Hex/Ice        0%         N/A       41%         2
 Jinxbite                 Hex            0%         N/A       41%         2
 Poisonous Vapours        Pois/Air       0%         N/A       41%         2
 Frozen Ramparts          Ice            0%         1d1       65%         3
 Mephitic Cloud           Conj/Pois/Air  0%         N/A       65%         3
 Ozocubu's Armour         Ice            0%         N/A       65%         3
 Summon Guardian Golem    Hex/Summ       0%         N/A       65%         3
 Anguish                  Hex/Necr       0%         N/A       96%         4
 Freezing Cloud           Conj/Ice/Air   0%         6-21      100%        5
 Metabolic Englaciation   Hex/Ice        0%         N/A       100%        5
 Orb of Destruction       Conj           0%         9d5       100%        7
 Spellforged Servitor     Conj/Summ      0%         N/A       100%        7


Dungeon Overview and Level Annotations

Branches:
Dungeon (6/15)
 Temple: D:4-7

Altars:
Cheibriados

Shops:
D:3 !


Innate Abilities, Weirdness & Mutations

You cannot wear most types of armour.
You are amphibious.
You can wear up to eight rings at the same time.
Your skin changes colour to match your surroundings (Stealth+).
Your rubbery body absorbs attacks. (AC +1, EV +1)
((You are camouflaged when in or above water. (Stealth+)))
You have tentacles for arms and can constrict up to eight enemies at once.


Message History

You start resting.
You feel sick. x7
You are no longer poisoned.
You start resting.
HP restored.
There is a stone staircase leading up here.
You now have 189 gold pieces (gained 12).
A gnoll and a scorpion come into view.
A gnoll comes into view. It is wielding a +0 club.
You slash the scorpion! You grab the scorpion. You squeeze the scorpion.
You kill the scorpion!
You have reached level 7!
A gnoll comes into view. It is wielding a +0 spear.
A gnoll comes into view. It is wielding a +0 flail.
The gnoll shouts! x3
The gnoll hits you from afar with a +0 halberd!
The gnoll shouts!
The gnoll attacks as it pursues you! The gnoll hits you with a +0 club.
The gnoll attacks as it pursues you! The gnoll barely misses you.
You slash the gnoll!
You kill the gnoll!
Your Stealth skill increases to level 12!
You slash the gnoll! Your grab misses the gnoll.
You squeeze the gnoll, but do no damage.
The gnoll is heavily wounded.
The gnoll misses you. The gnoll hits you with a +0 flail!
You slash the gnoll!
You kill the gnoll!
The gnoll hits you from afar with a +0 spear!
The gnoll closely misses you. The gnoll attacks as it pursues you!
The gnoll hits you from afar with a +0 spear.
* * * LOW HITPOINT WARNING * * *
The gnoll barely misses you. x2
You closely miss the gnoll. Your grab misses the gnoll.
You tentacle-slap the gnoll, but do no damage.
You squeeze the gnoll, but do no damage.
The gnoll hits you with a +0 spear!
* * * LOW HITPOINT WARNING * * *
The gnoll hits you from afar with a +0 halberd!
You die...

*,,,* *,*,*,,,,....#.##..#
**+****,*,+..............#
*,..**,***....###.#..>...
**#.#*,*,,...,###.#......
#.#*,*,,...,....#......
#.#*,**##.#######......
#.#*,,,,...............
**#########.#######.#,...###.....
*,............gg@...+,...+.+.....
*,............#####.#,...###..[..
*,............# #.#,,,,* *,,,,,
*,............# #.#,,,,* *,,,,,
*,............# #.#,,,,* *,,,,,
*,............# #.#,,,,* *,,,,,
*,............# #.#,,,,* ******
*,............# #.#,,,,*
*,............# #.#############


You could see 2 gnolls.

Vanquished Creatures
  A water moccasin (D:5)
  A scorpion (D:5)
  An orc priest (D:4)
  A hound (D:4)
  An orc wizard (D:2)
  Natasha (thrice) (D:4)
  3 gnolls
  3 adders
  3 dart slugs
  4 orcs
  6 endoplasms
  5 giant cockroaches
  12 hobgoblins
  10 kobolds
  4 quokkas
  4 ball pythons
  2 bats (D:2)
  2 frilled lizards (D:2)
  8 goblins
  2 rats
76 creatures vanquished.

Notes
Turn   | Place    | Note
-------+----------+-------------------------------------------
     0 | D:5      | Azuregosa the Octopode Delver began the quest for the Orb.
     0 | D:5      | Reached XP level 1. HP: 16/16 MP: 1/1
     2 | D:6      | Noticed an orc wizard
     2 | D:6      | Noticed an orc priest
    18 | D:5      | Noticed a sleepcap
    39 | D:4      | Found a snail-covered altar of Cheibriados.
    54 | D:4      | Noticed an orc priest
    68 | D:4      | Noticed a hound
   242 | D:3      | Reached skill level 7 in Stealth
   335 | D:1      | Reached XP level 2. HP: 20/21 MP: 2/2
   440 | D:1      | Got the Almanac of Rime
   721 | D:1      | Reached XP level 3. HP: 26/26 MP: 3/3
   871 | D:1      | Reached skill level 8 in Stealth
  1699 | D:2      | Reached XP level 4. HP: 14/31 MP: 4/4
  1701 | D:2      | Reached skill level 9 in Stealth
  2014 | D:3      | Reached XP level 5. HP: 20/36 MP: 5/5
  2394 | D:3      | Found Pativat's Distillery.
  2584 | D:4      | Reached skill level 10 in Stealth
  2749 | D:4      | Noticed Natasha
  2756 | D:4      | Killed Natasha
  2919 | D:4      | Noticed Natasha
  2927 | D:4      | Killed Natasha
  3026 | D:4      | Reached XP level 6. HP: 42/42 MP: 6/6
  3074 | D:4      | Noticed Natasha
  3083 | D:4      | Killed Natasha
  3084 | D:4      | Reached skill level 11 in Stealth
  3245 | D:5      | Noticed a water moccasin
  3249 | D:5      | Killed a water moccasin
  3457 | D:5      | Reached XP level 7. HP: 46/46 MP: 7/7
  3470 | D:5      | Reached skill level 12 in Stealth
  3477 | D:5      | Mangled by a gnoll

Illustrated notes

Levels and vault maps discovered:
D:1:      lightli_arrival_boilingwater, layout_loops_ring
D:2:      layout_loops_ring
D:3:      minmay_chambers_of_threes, layout_loops_ring, serial_shops,
          nicolae_shop_crystal
D:4:      layout_gridville, nicolae_overflow_crystal_walls, uniq_natasha
D:5:      layout_basic, serial_shops, nicolae_shop_rolling_square,
          nicolae_nh_oracle_at_delphi
D:6:      layout_loops_ring, dreamdust_divine_triumvirate, temple_fountains,
          kennysheep_generic_room_16

Skill      XL: |  1  2  3  4  5  6  7 |
---------------+----------------------+-----
Stealth        | 7 8 9 10 11 12 | 12.0
Fighting       | |  3.0
Maces & Flails | |  2.0
Dodging        | |  2.0

Action                     |  1- 3 |  4- 6 |  7- 9 || total
---------------------------+-------+-------+-------++-------
  Melee: Spear             |    63 |       |       ||    63
         Tentacles         |    17 |    10 |     2 ||    29
         Constrict         |    20 |    12 |       ||    32
         Mace              |     1 |       |       ||     1
         Battleaxe         |    15 |    51 |     4 ||    70
         Punch             |       |     1 |     1 ||     2
    Use: Scroll            |     1 |       |       ||     1
   Stab: Sleeping          |    18 |    13 |       ||    31
         Distracted        |       |     1 |       ||     1
 Armour: Skin              |    35 |    34 |     7 ||    76
  Dodge: Dodged            |    44 |    36 |     5 ||    85

Table legend: (Time is in decaauts)
 A = Elapsed time spent in this place.
 B = Non-inter-level travel time spent in this place.
 C = Inter-level travel time spent in this place.
 D = Time resting spent in this place.
 E = Time spent auto-exploring this place.
 F = Levels seen in this place.
 G = Mean time per level.
                   A        B        C        D        E       F      G
               +--------+--------+--------+--------+--------+-----+--------+
         Total |   3527 |   3440 |     87 |    668 |   1901 |   6 |  587.8 |
       Dungeon |   3527 |   3440 |     87 |    668 |   1901 |   6 |  587.8 |
               +--------+--------+--------+--------+--------+-----+--------+

Top non-repeatable levels by time:
     D:2: 877 daAuts
     D:4: 868 daAuts
     D:3: 861 daAuts
     D:1: 656 daAuts
     D:5: 262 daAuts
     D:6: 1 daAuts
